 Dungeon Crawl Stone Soup version 0.15-a0-1866-g491fd59 (webtiles) character file.

49 PolkaDot the Sneak (level 3, 0/24 HPs)
             Began as a Vampire Enchanter on July 4, 2014.
             Slain by an orc warrior
             ... wielding a +0 long sword
              (6 damage)
             ... on Level 3 of the Dungeon.
             The game lasted 00:06:47 (2479 turns).

PolkaDot the Sneak (Vampire Enchanter)              Turns: 2479, Time: 00:06:48

HP   0/24        AC  3     Str  7      XL: 3   Next: 51%
MP   0/6         EV 12     Int 18      God:
Gold 72          SH  0     Dex 14      Spells:  3 memorised,  0 levels left

rFire  . . .     SeeInvis +     a - +1 dagger
rCold  + + .     Clarity  .     b - +1 robe
rNeg   + + +     rCorr    .     (no shield)
rPois  +         rRot     +     (no helmet)
rElec  .         Spirit   .     (no cloak)
SustAb .         Warding  .     (no gloves)
rMut   .         Stasis   .     (no boots)
Gourm  .                        (no amulet)
MR     .....                    (no ring)
                                (no ring)

@: regenerating slowly, not resistant to hostile enchantments, fairly stealthy
A: fangs 3, see invisible, unbreathing
a: Bat Form


You were on level 3 of the Dungeon.
You were near bloodless.

You visited 1 branch of the dungeon, and saw 3 of its levels.

You collected 72 gold pieces.

Inventory:

Hand weapons
 a - a +1 dagger (weapon)
Missiles
 o - a throwing net (quivered)
Armour
 b - a +1 robe (worn)
Scrolls
 g - a scroll of fog {unknown}
 h - 4 scrolls of identify {unknown}
 m - a scroll of enchant armour {unknown}
Potions
 d - a potion of coagulated blood {@w2}
 e - a potion of confusion {unknown}
 i - a potion of restore abilities {unknown}
 k - 2 potions of invisibility {unknown}
 l - a potion of magic {unknown}
 n - a potion of brilliance {unknown}
Books
 c - a book of Maledictions

   Spells                             Type                      Level
   *Corona                            Hexes                        1
   Sure Blade                         Hexes/Charms                 2
   *Ensorcelled Hibernation           Hexes/Ice                    2
   *Confuse                           Hexes                        3
   Dazzling Spray                     Conjuration/Hexes            3
   Enslavement                        Hexes                        4


   Skills:
 * Level 3.4 Short Blades
 - Level 2.1 Dodging
 + Level 4.5 Stealth
 - Level 2.0 Spellcasting
 + Level 4.4 Hexes
 - Level 1.0 Ice Magic


You couldn't memorise any spells.
You knew the following spells:

 Your Spells              Type           Power        Failure   Level  Hunger
a - Corona                Hex            ###....      3%          1    #......
c - Confuse               Hex            ###.....     12%         3    ####...
d - Ensorcelled Hibernat  Hex/Ice        ##....       12%         2    ##.....


Dungeon Overview and Level Annotations

Branches:
Dungeon (3/15)

Altars:

Annotations:
D:3 Sigmund


Innate Abilities, Weirdness & Mutations

You heal slowly.
You have razor-sharp teeth.*
You have supernaturally acute eyesight.
You can survive without breathing.*


Message History

Drink which item? (? for menu, Esc to quit)
You feel better.
It was a potion of curing.
The orc warrior barely misses you.
Drink which item? (? for menu, Esc to quit)
You feel better.
The orc warrior hits you with a long sword!!
Ouch! That really hurt!
* * * LOW HITPOINT WARNING * * *
Drink which item? (? for menu, Esc to quit)
You feel better.
The orc warrior stops glowing.
Casting: Ensorcelled Hibernation
Confirm with . or Enter, or press ? or * to list all spells.
Aiming: Ensorcelled Hibernation
Press: ? - help, Shift-Dir - straight line, f/p - orc warrior
Aim: an orc warrior, wielding a long sword and wearing a plate armour The orc warrior resists.
* * * LOW MAGIC WARNING * * *
The orc warrior hits you with a long sword!
* * * LOW HITPOINT WARNING * * *
The orc warrior hits you with a long sword.
You die...

#.# #.# #.# #.# #)# # #.#
#.o #.# #####.... #.#
##.. ...o... #@#
#..##....... ########o#
#.##........
#......oo####.##..#......
.........g.g.........#
........##.#####..###
####.##....# ..# #.
###### .... # .....
######


You could see an orc warrior, 2 orcs and a goblin.

Vanquished Creatures
  An adder (D:2)
  A giant gecko (D:1)
  An orc (D:3)
  7 bats
  2 giant cockroaches
  3 goblins
  5 hobgoblins
  4 jackals (D:1)
  3 giant newts (D:1)
  4 kobolds
  2 rats (D:1)
33 creatures vanquished.

Notes
Turn   | Place    | Note
--------------------------------------------------------------
     0 | D:1      | PolkaDot, the Vampire Enchanter, began the quest for the Orb.
     0 | D:1      | Reached XP level 1. HP: 13/13 MP: 3/3
   580 | D:1      | Reached XP level 2. HP: 10/19 MP: 2/4
   887 | D:1      | Learned a level 2 spell: Ensorcelled Hibernation
  1623 | D:2      | Reached XP level 3. HP: 24/24 MP: 3/6
  1682 | D:2      | Reached skill level 1 in Ice Magic
  1903 | D:2      | Learned a level 3 spell: Confuse
  2283 | D:3      | Noticed Sigmund
  2283 | D:3      | Noticed an orc warrior
  2479 | D:3      | Slain by an orc warrior

Action                   || total
-------------------------++-------
Melee: Dagger            ||    98
 Cast: Corona            ||    10
       Ensorcelled Hiber ||    16
  Use: Potion            ||     3
       Scroll            ||     1
 Stab: Sleeping          ||    16
